 Dungeon Crawl Stone Soup version 0.30-a0-830-gfe289a77b0 (webtiles) character file.

Game seed: 13177090489764510699

72 cforsyth the Sneak (level 4, 0/28 HPs)
             Began as a Kobold Brigand on Mar 1, 2023.
             Slain by a gnoll zombie (1 damage)
             ... in an ossuary.
             The game lasted 00:02:42 (1281 turns).

cforsyth the Sneak (Kobold Brigand)                 Turns: 1281, Time: 00:02:43

Health: 0/28       AC:  3    Str:  5 (8)  XL:     4   Next: 50%
Magic:  4/4        EV: 15    Int:  9 (12) God:
Gold:   57         SH:  0    Dex: 15 (18) Spells: 3/3 levels left

rFire   . . .      SeeInvis .    a - +2 dagger
rCold   . . .      Faith    .    (no shield)
rNeg    . . .      Spirit   .    b - +0 robe
rPois   .          Reflect  .    (no helmet)
rElec   .          Harm     .    c - +0 cloak
rCorr   .          Rampage  .    (no gloves)
Will    .....                    (no boots)
Stlth   ++++                     (no amulet)
HPRegen 0.24/turn                (no ring)
MPRegen 0.09/turn                (no ring)

@: no status effects
A: small, no large weapons, nightstalker 3
a: no special abilities


You were in an ossuary.
You visited 1 branch of the dungeon, and saw 3 of its levels.
You also visited: Ossuary.

You collected 57 gold pieces.

Inventory:

Hand Weapons
 a - a +2 dagger (weapon)
Missiles
 d - 14 poisoned darts (quivered)
 e - 3 curare-tipped darts
Armour
 b - a +0 robe (worn)
 c - a +0 cloak (worn)
Jewellery
 i - a ring of flight
 o - an amulet of guardian spirit
Scrolls
 g - a scroll of poison
Potions
 f - 2 potions of berserk rage {unknown}
 h - 2 potions of flight {unknown}
 j - 2 potions of degeneration
 k - 2 potions of curing


   Skills:
 + Level 3.0 Fighting
 + Level 3.7 Short Blades
 - Level 2.1 Throwing
 + Level 2.5 Dodging
 + Level 6.0 Stealth


You had 3 spell levels left.
You didn't know any spells.
Your spell library was empty.

Dungeon Overview and Level Annotations

Branches:
Dungeon (2/15)            Ossuary (1/1)

Altars:
Cheibriados


Innate Abilities, Weirdness & Mutations

You are small and have problems with some larger weapons.
You are completely attuned to the shadows.


Message History

You hit the kobold zombie.
The kobold zombie is moderately damaged.
You hit the kobold zombie.
The kobold zombie is severely damaged.
The kobold zombie misses you. The human zombie hits you.
* * * LOW HITPOINT WARNING * * *
Unknown command.
You barely miss the kobold zombie.
The kobold zombie is severely damaged.
You hit the kobold zombie.
The kobold zombie is severely damaged.
The kobold zombie hits you but does no damage.
You hit the kobold zombie.
The kobold zombie is almost destroyed.
Unknown command.
Unknown command.
You hit the kobold zombie.
You destroy the kobold zombie!
You hit the human zombie.
The human zombie is severely damaged.
The human zombie hits you.
* * * LOW HITPOINT WARNING * * *
You hit the human zombie.
The human zombie is almost destroyed.
You hit the human zombie but do no damage.
The human zombie is almost destroyed.
The human zombie hits you.
* * * LOW HITPOINT WARNING * * *
You closely miss the human zombie.
The human zombie is almost destroyed.
The gnoll zombie hits you.
* * * LOW HITPOINT WARNING * * *
The human zombie misses you.
Unknown command.
It was a potion of degeneration.
There was something very wrong with that liquid.
You feel weakened.
You feel dopey.
You feel clumsy. The gnoll zombie hits you.
You die...

#∩.# #. #..# #..# #.
#..# #..# #. #∩.#
#..# #. #..# #..# #.
#..## ##..## ##.
#...# #....# #..
#...# #....# #..
#..@## ##....## ##..
#..ZZ###......#+#...
#...................
#...................
####################


You could see a gnoll zombie and a human zombie.

Vanquished Creatures
  2 adders (D:2)
  An adder zombie (Ossuary)
  2 worms
  2 dart slugs (D:2)
  2 bats (D:1)
  4 endoplasms (D:2)
  A gnoll zombie (Ossuary)
  3 hobgoblins
  A quokka (D:4)
  2 ball pythons
  A frilled lizard (D:2)
  4 goblins
  5 goblin zombies (Ossuary)
  3 jackal zombies (Ossuary)
  4 kobolds
  5 kobold zombies (Ossuary)
  An orc zombie (Ossuary)
  2 quokka zombies (Ossuary)
  A rat (D:2)
  A rat zombie (Ossuary)
47 creatures vanquished.

Notes
Turn   | Place    | Note
-------+----------+-------------------------------------------
     0 | D:1      | cforsyth the Kobold Brigand began the quest for the Orb.
     0 | D:1      | Reached XP level 1. HP: 12/12 MP: 1/1
    48 | D:1      | Found a faded altar of an unknown god.
   414 | D:2      | Reached XP level 2. HP: 6/18 MP: 2/2
   581 | D:2      | Reached XP level 3. HP: 14/22 MP: 3/3
   938 | D:2      | Found a snail-covered altar of Cheibriados.
   976 | D:2      | You fall into a shaft and drop 2 floors!
   979 | D:4      | Identified a scroll of acquirement
   979 | D:4      | Acquired 1313 gold pieces
   985 | D:4      | Reached XP level 4. HP: 27/27 MP: 4/4
  1112 | D:4      | Found a sand-covered staircase.
  1131 | Ossuary  | Entered an ossuary
  1156 | Ossuary  | Reached skill level 6 in Stealth
  1280 | Ossuary  | HP: 1/28 [gnoll zombie (2)]
  1281 | Ossuary  | Slain by a gnoll zombie

Illustrated notes

Levels and vault maps discovered:
D:1:      amcnicky_arrival_single_pillar, layout_rooms,
          ebering_ecumenical_altar_hall
D:2:      layout_loops_ring, basic_altar
D:4:      layout_basic, nicolae_overflows_in_rows, enter_ossuary_1,
          nicolae_nh_ransacked_shop
Ossuary:  minmay_ossuary_two_tombs

Skill      XL: |  1  2  3  4 |
---------------+-------------+-----
Short Blades   | 3 |  3.7
Dodging        | 2 |  2.5
Stealth        | 6 |  6.0
Fighting       | 3 |  3.0
Throwing       | |  2.1

Action                     |  1- 3 |  4- 6 || total
---------------------------+-------+-------++-------
  Melee: Dagger            |    55 |    73 ||   128
         Punch             |     3 |       ||     3
    Use: Scroll            |     6 |       ||     6
         Potion            |       |     1 ||     1
   Stab: Sleeping          |    13 |    14 ||    27
         Distracted        |     1 |       ||     1
 Armour: Robe              |     3 |     6 ||     9
  Dodge: Dodged            |    16 |    32 ||    48

Table legend: (Time is in decaauts)
 A = Elapsed time spent in this place.
 B = Non-inter-level travel time spent in this place.
 C = Inter-level travel time spent in this place.
 D = Time resting spent in this place.
 E = Time spent auto-exploring this place.
 F = Levels seen in this place.
 G = Mean time per level.
                   A        B        C        D        E       F      G
               +--------+--------+--------+--------+--------+-----+--------+
         Total |   1258 |   1245 |     13 |      0 |    855 |   4 |  314.5 |
       Dungeon |   1120 |   1107 |     13 |      0 |    810 |   3 |  373.3 |
       Ossuary |    137 |    137 |      0 |      0 |     45 |   1 |  137.0 |
               +--------+--------+--------+--------+--------+-----+--------+

Top non-repeatable levels by time:
     D:2: 576 daAuts
     D:1: 390 daAuts
     D:4: 153 daAuts
 Ossuary: 137 daAuts
